 Dungeon Crawl Stone Soup version 0.24-a0-201-gf205589 (webtiles) character file.

Game seed: 17279741751900729879

151 Borgoz the Cutter (level 5, -1/42 HPs)
             Began as a Ghoul Gladiator on Mar 23, 2019.
             Slain by a hippogriff (5 damage)
             ... on level 3 of the Dungeon.
             The game lasted 00:03:14 (1539 turns).

Borgoz the Cutter (Ghoul Gladiator)                 Turns: 1539, Time: 00:03:15

Health: -1/42      AC:  7    Str: 18    XL:     5   Next: 33%
Magic:  5/5        EV: 13    Int:  4    God:
Gold:   61         SH:  0    Dex: 10    Spells: 5/5 levels left

rFire    + . .     SeeInvis .   a - +0 rapier
rCold    + + .     Gourm    .   (no shield)
rNeg     + + +     Faith    .   e - +0 ring mail
rPois    ∞         Spirit   .   c - +0 helmet
rElec    .         Reflect  .   h - scarf {rC+ rF+}
rCorr    .         Harm     .   (no gloves)
MR       .....                  (no boots)
Stlth    +.........             (no amulet)
HPRegen  0.00/turn              (no ring)
MPRegen  0.09/turn              (no ring)

@: flying, rotting
A: rotting body, claws 1, carnivore, cold resistance 1, negative energy
resistance 3, inhibited regeneration, torment resistance, unbreathing
a: no special abilities


You were on level 3 of the Dungeon.
You were not hungry.

You visited 1 branch of the dungeon, and saw 3 of its levels.

You collected 61 gold pieces.

Inventory:

Hand Weapons
 a - a +0 rapier (weapon)
Armour
 b - a +0 pair of gloves
 c - a +0 helmet (worn)
 e - a +0 ring mail (worn)
 h - a scarf of resistance (worn)
Jewellery
 m - a cursed ring of attention {unknown}
Scrolls
 i - a scroll of amnesia {unknown}
 j - a scroll of immolation {unknown}
 k - 2 scrolls of fear {unknown}
 n - a scroll of noise {unknown}
Potions
 l - a potion of flight
Comestibles
 f - 5 rations
 p - 2 chunks of flesh


   Skills:
 + Level 2.6 Fighting
 * Level 6.8 Short Blades
 + Level 2.1 Throwing
 * Level 6.1 Armour
 * Level 6.7 Dodging
 + Level 1.0 Stealth
 + Level 0.7 Spellcasting


You had 5 spell levels left.
You didn't know any spells.
Your spell library was empty.

Dungeon Overview and Level Annotations

Branches:
Dungeon (3/15)

Altars:


Innate Abilities, Weirdness & Mutations

Your body is rotting away.
You thrive on raw meat.
You are immune to poison.
You have sharp fingernails.
You are carnivorous and can eat meat at any time.
Your flesh is cold resistant. (rC+)
You are immune to negative energy. (rN+++)
You do not regenerate when monsters are visible.
You are immune to unholy pain and torment.
You can survive without breathing.


Message History

The hippogriff pecks you but does no damage.
The hippogriff barely misses you.
The frilled lizard struggles against the net.
It was a potion of flight.
You feel very buoyant.
You fly up into the air.
The hippogriff bites you.
* * * LOW HITPOINT WARNING * * *
The hippogriff barely misses you. The hippogriff closely misses you.
The frilled lizard struggles against the net.
It was a potion of experience.
You feel more experienced!
Your Short Blades skill gained 3 levels and is now at level 6!
Your Armour skill gained 5 levels and is now at level 6!
Your Dodging skill gained 3 levels and is now at level 6!
You have reached level 5!
You feel stronger. The hippogriff bites you.
* * * LOW HITPOINT WARNING * * *
The hippogriff pecks you.
You die...

######### ........##
...#########..#########
.....lH@...............
...#####.......########
#.......# #.......#
#.....÷÷## #........#
########.# #.## #..#


You could see a hippogriff and a frilled lizard (caught).

Vanquished Creatures
  3 adders
  A dart slug (D:1)
  2 leopard geckos (D:1)
  A ball python (D:3)
  5 bats
  4 giant cockroaches
  2 goblins (D:1)
  9 hobgoblins
  4 jackals (D:1)
  2 kobolds
  A quokka (D:3)
  4 frilled lizards
  4 rats
42 creatures vanquished.

Notes
Turn   | Place    | Note
-------+----------+-------------------------------------------
     0 | D:1      | Borgoz the Ghoul Gladiator began the quest for the Orb.
     0 | D:1      | Reached XP level 1. HP: 17/17 MP: 0/0
   148 | D:1      | Reached XP level 2. HP: 19/24 MP: 1/1
   427 | D:1      | Reached XP level 3. HP: 30/30 MP: 2/2
   797 | D:2      | Reached skill level 1 in Armour
   905 | D:2      | Reached XP level 4. HP: 35/37 MP: 3/3
  1515 | D:3      | Reached skill level 1 in Stealth
  1522 | D:3      | Noticed a hippogriff
  1539 | D:3      | Reached XP level 5. HP: 9/42 MP: 5/5
  1539 | D:3      | Slain by a hippogriff

Levels and vault maps discovered:
D:1:      saegor_arrival_simple_e, layout_basic
D:2:      layout_basic
D:3:      layout_basic, uniq_robin

Skill      XL: |  1  2  3  4 |
---------------+-------------+-----
Throwing       | 2 |  2.1
Short Blades   | 3 6 |  6.8
Armour         | 1 6 |  6.1
Dodging        | 3 6 |  6.7
Stealth        | 1 |  1.0
Fighting       | |  2.6
Spellcasting   | |  0.7

Action                   |  1- 3 |  4- 6 || total
-------------------------+-------+-------++-------
Melee: Rapier            |   101 |    54 ||   155
Throw: Throwing net      |       |     3 ||     3
  Use: Potion            |       |     3 ||     3
  Eat: Chunk             |     4 |     1 ||     5
Armor: Ring mail         |    38 |    21 ||    59
       Leather armour    |     4 |       ||     4
Dodge: Dodged            |    74 |    37 ||   111

Table legend:
 A = Non-vault XP
 B = Vault XP
 C = Vault XP percentage of total XP
 D = Non-vault monster count
 E = Vault monster count
 F = Vault count percentage of total count
                 A         B        C        D         E       F
            +---------+---------+-------+---------+---------+-------
      Total |     110 |       0 |   0.0 |      42 |       0 |   0.0
            +---------+---------+-------+---------+---------+-------
        D:1 |      48 |       0 |   0.0 |      25 |       0 |   0.0
        D:2 |      40 |       0 |   0.0 |      10 |       0 |   0.0
        D:3 |      22 |       0 |   0.0 |       7 |       0 |   0.0
            +---------+---------+-------+---------+---------+-------
